 Dungeon Crawl Stone Soup version 0.28.0-53-g5a82cb258f (webtiles) character file.

Game seed: 3076675173222784653

1029 GigaChad the Slasher (level 8, -5/70 HPs)
             Began as a Minotaur Fighter on Aug 22, 2022.
             Was an Elder of Fedhas.
             Killed by divine providence
             ... invoked by an orc priest
              (13 damage)
             ... on level 5 of the Dungeon.
             The game lasted 00:13:43 (5342 turns).

GigaChad the Slasher (Minotaur Fighter)             Turns: 5342, Time: 00:13:45

Health: -5/70      AC: 18    Str: 23    XL:     8   Next: 3%
Magic:  7/7        EV:  5    Int:  5    God:    Fedhas [****..]
Gold:   281        SH: 10    Dex: 10    Spells: 7/7 levels left

rFire   . . .      SeeInvis .   a - +0 long sword
rCold   + . .      Faith    .   n - +1 kite shield
rNeg    + + .      Spirit   .   i - +6 plate armour "Doutramo" {rN++}
rPois   .          Reflect  .   (helmet restricted)
rElec   .          Harm     .   (no cloak)
rCorr   .          Rampage  .   (no gloves)
Will    .....                   (no boots)
Stlth   ..........              (no amulet)
HPRegen 0.21/turn               u - ring of protection from cold
MPRegen 0.10/turn               (no ring)

@: no status effects
A: horns 2, retaliatory headbutt
a: Renounce Religion, Wall of Briars, Grow Ballistomycete, Overgrow


You were on level 5 of the Dungeon.
You worshipped Fedhas.
Fedhas was greatly pleased with you.
You visited 1 branch of the dungeon, and saw 5 of its levels.

You collected 281 gold pieces.

Inventory:

Hand Weapons
 a - a +0 long sword (weapon)
 g - a +1 halberd of holy wrath
 j - a +0 hand axe of venom
 p - a +0 halberd
Missiles
 t - 5 poisoned darts (quivered)
Armour
 b - a +0 scale mail
 c - a +0 buckler
 i - the +6 plate armour "Doutramo" (worn) {rN++}
   (You found it on level 2 of the Dungeon)

   rN:        It greatly protects you from negative energy.
 k - a +2 helmet
 l - a +0 scale mail of cold resistance
 n - a +1 kite shield (worn)
Jewellery
 u - a ring of protection from cold (left hand)
Potions
 d - 2 potions of might
 e - 3 potions of curing
 f - a potion of cancellation {unknown}
 h - 2 potions of heal wounds {unknown}
 o - 2 potions of lignification {unknown}
 q - 2 potions of brilliance
 r - a potion of degeneration {unknown}
 s - a potion of ambrosia {unknown}


   Skills:
 + Level 5.8 Fighting
 + Level 7.5 Long Blades
 + Level 6.4 Armour
 + Level 1.1 Dodging
 + Level 0.7 Stealth
 + Level 5.7 Shields


You had 7 spell levels left.
You didn't know any spells.
Your spell library contained the following spells:

 Spells                   Type           Power      Damage    Failure   Level
 Animate Skeleton         Necr           0%         N/A       100%        1
 Pain                     Necr           0%         1d4       100%        1
 Shock                    Conj/Air       0%         1d3       100%        1
 Sublimation of Blood     Necr           0%         N/A       100%        2
 Wereblood                Tmut           0%         N/A       100%        2
 Swiftness                Air            0%         N/A       100%        3
 Vampiric Draining        Necr           0%         2d6       100%        3
 Airstrike                Air            0%         N/A       100%        4
 Summon Hydra             Summ           0%         N/A       100%        7


Dungeon Overview and Level Annotations

Branches:
Dungeon (5/15)
 Temple: D:4-7

Altars:
Fedhas
Ru
Trog
Vehumet
Zin

Shops:
D:2 [


Innate Abilities, Weirdness & Mutations

You have a pair of horns on your head.
You reflexively headbutt those who attack you in melee.


Message History

The ogre is almost dead.
An orc comes into view. It is wielding a +0 dagger.
You block the ogre's attack.
Blink to where?
Press: ? - help, Dir - move target
As you read the scroll of blinking, it crumbles to dust.
You start resting.
An ogre is nearby!
The ogre hits you with a +0 giant spiked club!
* * * LOW HITPOINT WARNING * * *
You barely miss the ogre. You headbutt the ogre!
You kill the ogre!
Fedhas appreciates your contribution to the ecosystem.
You have reached level 8!
You feel stronger.
You hit the orc but do no damage.
The orc priest calls down the wrath of Beogh upon you.
Beogh smites you!
* * * LOW HITPOINT WARNING * * *
The orc priest invokes the aid of Beogh against you.
Pain shoots through your body!
* * * LOW HITPOINT WARNING * * *
The orc hits you with a +0 short sword.
* * * LOW HITPOINT WARNING * * *
The orc priest miscasts a cantrip.
You completely miss the orc. You headbutt the orc, but do no damage.
The orc priest hits you but does no damage.
The orc hits you but does no damage.
You barely miss the orc. You headbutt the orc.
The orc is severely wounded.
The orc priest hits you but does no damage.
You block the orc's attack.
You hit the orc.
You kill the orc!
Fedhas appreciates your contribution to the ecosystem.
The orc priest hits you but does no damage.
The orc priest mumbles some strange prayers to Beogh against you.
Beogh smites you!
You die...
Fedhas appreciates your contribution to the ecosystem.

#.# #.# #......#.###.##
#.# #.# ########.# #O#
#.# #.# #.# #.# #.# #.#
#.# #.# #.#
##.###########.# #.#
#.###...##.........###.#
#.##..............)....#
#.###...##....##########
#......)@oo####
############


You could see an orc priest and an orc.

Vanquished Creatures
  An ice beast (D:4)
  An ogre (D:5)
  A phantom (D:5)
  A scorpion (D:5)
  A centaur skeleton (D:5)
  3 hounds
  A jelly (D:5)
  Jessica (D:3)
  3 iguanas
  Terence (D:3)
  2 scorpion zombies (D:5)
  Natasha (thrice) (D:3)
  2 orc wizards (D:4)
  A hound zombie (D:5)
  Robin (D:3)
  7 gnolls
  5 adders
  An ufetubus (D:5)
  An adder skeleton (D:4)
  2 dart slugs
  13 orcs
  6 endoplasms
  11 goblins
  9 hobgoblins
  11 jackals
  5 quokkas
  10 ball pythons
  7 bats
  6 frilled lizards
  9 kobolds
  8 rats
134 creatures vanquished.

Vanquished Creatures (others)
  26 plants (D:4)
26 creatures vanquished.

Grand Total: 160 creatures vanquished

Notes
Turn   | Place    | Note
-------+----------+-------------------------------------------
     0 | D:1      | GigaChad the Minotaur Fighter began the quest for the Orb.
     0 | D:1      | Reached XP level 1. HP: 19/19 MP: 0/0
   289 | D:1      | Found a faded altar of an unknown god.
   292 | D:1      | Prayed at the altar of an unknown god.
   292 | D:1      | Became a worshipper of Fedhas Madash
   292 | D:1      | Reached * piety under Fedhas
   432 | D:1      | Reached XP level 2. HP: 27/27 MP: 1/1
   917 | D:1      | Reached XP level 3. HP: 33/33 MP: 2/2
  1227 | D:2      | Reached ** piety under Fedhas
  1254 | D:2      | Reached skill level 3 in Long Blades
  1272 | D:2      | Found Pommiyje's Antique Armour Boutique.
  1678 | D:2      | Identified the +6 plate armour "Doutramo" {rN++}
  2083 | D:3      | Noticed Jessica
  2088 | D:3      | Killed Jessica
  2089 | D:3      | Reached XP level 4. HP: 41/41 MP: 3/3
  2160 | D:3      | Reached skill level 4 in Long Blades
  2282 | D:3      | Noticed Terence
  2289 | D:3      | Killed Terence
  2290 | D:3      | Reached XP level 5. HP: 41/47 MP: 4/4
  2313 | D:3      | Noticed Robin
  2336 | D:3      | Reached *** piety under Fedhas
  2345 | D:3      | Killed Robin
  2514 | D:3      | Found a bloodstained altar of Trog.
  2623 | D:3      | Found a glowing silver altar of Zin.
  2718 | D:3      | Noticed Natasha
  2726 | D:3      | Killed Natasha
  2727 | D:3      | Reached skill level 1 in Dodging
  2863 | D:3      | Noticed Natasha
  2868 | D:3      | Killed Natasha
  2869 | D:3      | Reached skill level 5 in Long Blades
  2971 | D:3      | Noticed Natasha
  2977 | D:3      | Killed Natasha
  3320 | D:4      | Reached XP level 6. HP: 45/55 MP: 5/5
  3584 | D:4      | Reached skill level 5 in Armour
  3643 | D:4      | Found a sacrificial altar of Ru.
  3656 | D:4      | Found a radiant altar of Vehumet.
  3721 | D:4      | Noticed an ice beast
  3731 | D:4      | Killed an ice beast
  3731 | D:4      | Reached **** piety under Fedhas
  3732 | D:4      | Reached skill level 5 in Fighting
  3732 | D:4      | Reached skill level 5 in Shields
  4266 | D:4      | Reached skill level 6 in Long Blades
  4423 | D:4      | Reached XP level 7. HP: 59/61 MP: 6/6
  4631 | D:5      | Entered Level 5 of the Dungeon
  5129 | D:5      | Reached skill level 7 in Long Blades
  5324 | D:5      | Reached XP level 8. HP: 19/70 MP: 7/7
  5342 | D:5      | Killed from afar by an orc priest

Illustrated notes

Levels and vault maps discovered:
D:1:      saegor_arrival_simple_a, layout_loops_corners,
          hellmonk_ecumenical_altar_inner_sanctum, minmay_heptomino_h4
D:2:      layout_basic, serial_shops, nicolae_shop_trees
D:3:      layout_loops_ring, lightli_temple_of_fire, mainiacjoe_overflow_paths,
          uniq_robin, uniq_terence, uniq_natasha, uniq_jessica
D:4:      layout_basic, grunt_temple_overflow_open, serial_bayou,
          serial_bayou_ford_a, serial_bayou_shore_b, serial_bayou_shore_b,
          serial_bayou_pond_c
D:5:      layout_loops_ring, tgw_kikubaaqudgha

Skill      XL: |  1  2  3  4  5  6  7 |
---------------+----------------------+-----
Fighting       | 4 5 |  5.8
Armour         | 4 5 6 |  6.4
Long Blades    | 3 4 5 6 7 |  7.5
Shields        | 4 5 |  5.7
Dodging        | 1 |  1.1
Stealth        | |  0.7

Action                   |  1- 3 |  4- 6 |  7- 9 || total
-------------------------+-------+-------+-------++-------
Melee: Long sword        |    84 |   187 |    74 ||   345
       Headbutt          |     8 |    24 |    23 ||    55
  Use: Scroll            |     3 |     2 |     4 ||     9
Armor: Scale mail        |    53 |       |       ||    53
       Plate armour      |     6 |   188 |    43 ||   237
Dodge: Dodged            |    54 |    49 |    14 ||   117
Block: Buckler           |    28 |    23 |       ||    51
       Kite shield       |       |    52 |    32 ||    84
